 Dungeon Crawl Stone Soup version 0.19.0-24-gb05acd6 (webtiles) character file.

163 KarmaPolice the Charmwright (level 5, 0/40 HPs)
             Began as a Vampire Skald on Nov 22, 2016.
             Slain by a gnoll
             ... wielding a +0 flail
              (6 damage)
             ... on level 3 of the Dungeon.
             The game lasted 00:08:51 (3918 turns).

KarmaPolice the Charmwright (Vampire Skald)         Turns: 3918, Time: 00:08:52

Health: 0/40       AC:  0    Str: 11    XL:     5   Next: 20%
Magic:  0/8        EV: 18    Int: 14    God:
Gold:   122        SH:  0    Dex: 20    Spells: 4 memorised, 1 level left

rFire  . . .     SeeInvis +     (weapon currently unavailable)
rCold  + . .     Gourm    .     (armour currently unavailable)
rNeg   + + .     Faith    .     (shield currently unavailable)
rPois  +         Spirit   .     (helmet currently unavailable)
rElec  .         Reflect  .     (cloak currently unavailable)
rCorr  .         Harm     .     (gloves currently unavailable)
MR     .....                    (boots currently unavailable)
Stlth  ++++......               (no amulet)
                                (ring currently unavailable)
                                (ring currently unavailable)

@: bat-form, flying, regenerating slowly, very quick
A: fangs 3, see invisible, (unbreathing)
a: End Transformation


You were on level 3 of the Dungeon.
You were near bloodless.
You were in vampire-bat-form.
You visited 1 branch of the dungeon, and saw 3 of its levels.

You collected 122 gold pieces.

Inventory:

Hand Weapons
 a - a +0 falchion (melded)
 m - a +1 spear of pain
Missiles
 i - 4 curare-tipped needles
Armour
 b - a +1 leather armour (melded)
 e - a +0 pair of gloves (melded)
 g - a +0 helmet (melded)
Jewellery
 j - an uncursed ring of fire {unknown}
Wands
 f - a wand of flame (14/48)
 t - a wand of teleportation (1/9)
Scrolls
 h - 2 scrolls of recharging {unknown}
 k - a scroll of fear {unknown}
 n - 3 scrolls of remove curse {unknown}
 p - a scroll of identify {unknown}
 q - a scroll of random uselessness {unknown}
 r - a scroll of fog {unknown}
Potions
 d - 15 potions of blood
 l - a potion of agility {unknown}
 o - a potion of heal wounds
 s - a potion of cancellation {unknown}
Books
 c - a book of Battle

   Spells                             Type                      Level
   a - Infusion                       Charms                       1
   b - Shroud of Golubria             Charms/Translocation         2
   c - Song of Slaying                Charms                       2
   d - Spectral Weapon                Hexes/Charms                 3
   e - Regeneration                   Charms/Necromancy            3


   Skills:
 + Level 2.9 Fighting
 + Level 3.4 Long Blades
 - Level 0.7 Armour
 - Level 1.1 Dodging
 + Level 2.5 Spellcasting
 - Level 4.3 Charms
 + Level 0.7 Necromancy


You had one spell level left.
You knew the following spells:

 Your Spells              Type           Power        Failure   Level  Hunger
a - Infusion              Chrm           ##..         3%          1    #......
b - Shroud of Golubria    Chrm/Tloc      #.........   17%         2    ###....
c - Song of Slaying       Chrm           ##......     6%          2    ###....
d - Regeneration          Chrm/Necr      #.........   24%         3    ###....


Dungeon Overview and Level Annotations

Branches:
Dungeon (3/15)

Altars:
Hepliaklqana
Trog

Annotations:
D:2 Terence


Innate Abilities, Weirdness & Mutations

You heal slowly.
You have razor-sharp teeth.
You have supernaturally acute eyesight. (SInv)
((You can survive without breathing.))


Message History

The orc throws a tomahawk.
The tomahawk hits you.
* * * LOW HITPOINT WARNING * * *
Unknown command.
You are no longer magically infusing your attacks.
Your song is almost over.
You see here a club.
There is a stone staircase leading up here.
Okay, then.
Your song has ended.
The orc throws a tomahawk.
The tomahawk closely misses you.
The orc throws a tomahawk.
The tomahawk hits you.
* * * LOW HITPOINT WARNING * * *
You see here a tomahawk.
You see here a tomahawk.
You turn into a vampire bat.
Your +0 falchion melds into your body.
Your +0 helmet melds into your body.
Your +0 pair of gloves melds into your body.
Your +1 leather armour melds into your body.
The gnoll hits you with a flail.
You die...

#.##...).............)#..#
#.#####.......>.......##...
#.# #.....[....(.<.......#
#.# #.#.............##....
#.# ##........(.....###..#[
#.# #.<..###.............##
#.# #.#.###.#.......>###.#
#.###.#.###g.........# #
#.##..#..#b##........#
#.##.##.##.##........#
#.##.##..............#
#..............)....##
##.................##
#...............####
#...............#
#...............#
#...)...........#


You could see a gnoll.

Vanquished Creatures
  Robin (D:1)
  6 gnolls
  An adder (D:3)
  3 dart slugs
  5 leopard geckos
  6 bats
  4 giant cockroaches
  16 goblins
  13 hobgoblins
  4 jackals (D:3)
  A quokka (D:2)
  A ball python (D:3)
  2 frilled lizards
  2 kobolds
  5 rats
70 creatures vanquished.

Notes
Turn   | Place    | Note
-------+----------+-------------------------------------------
     0 | D:1      | KarmaPolice the Vampire Skald began the quest for the Orb.
     0 | D:1      | Reached XP level 1. HP: 16/16 MP: 3/3
   140 | D:1      | Reached XP level 2. HP: 20/22 MP: 3/5
   150 | D:1      | Learned a level 2 spell: Shroud of Golubria
   153 | D:1      | Learned a level 2 spell: Song of Slaying
   512 | D:1      | Reached XP level 3. HP: 20/27 MP: 6/6
   742 | D:2      | Noticed Robin
  1866 | D:1      | Killed Robin
  2050 | D:2      | Noticed Terence
  2107 | D:2      | Reached skill level 4 in Charms
  2382 | D:1      | Reached XP level 4. HP: 27/33 MP: 3/7
  3252 | D:2      | Learned a level 3 spell: Regeneration
  3469 | D:3      | Found a bloodstained altar of Trog.
  3583 | D:3      | Found a hazy altar of Hepliaklqana.
  3664 | D:3      | Reached XP level 5. HP: 28/39 MP: 2/8
  3918 | D:3      | Slain by a gnoll

Skill      XL: |  1  2  3  4 |
---------------+-------------+-----
Fighting       | 2 |  2.9
Charms         | 4 |  4.3
Long Blades    | 3 |  3.4
Armour         | |  0.7
Dodging        | |  1.1
Spellcasting   | |  2.5
Necromancy     | |  0.7

Action                   |  1- 3 |  4- 6 || total
-------------------------+-------+-------++-------
Melee: Falchion          |   126 |    69 ||   195
       Bite              |     6 |     7 ||    13
       Unarmed           |       |     4 ||     4
 Cast: Infusion          |    12 |    11 ||    23
       Song of Slaying   |     3 |     4 ||     7
       Shroud of Golubri |     5 |     4 ||     9
 Abil: Bat Form          |     3 |     6 ||     9
       End Transformatio |     3 |     5 ||     8
  Use: Potion            |     3 |     2 ||     5
       Scroll            |     1 |       ||     1
 Stab: Sleeping          |     3 |     2 ||     5
  Eat: Corpse            |     1 |     1 ||     2
Armor: Leather armour    |    34 |    31 ||    65
Dodge: Dodged            |   103 |    80 ||   183
       Rpst.: Falchion   |    33 |    21 ||    54
